 Dungeon Crawl Stone Soup version 0.18.1-48-g4cf74bf (webtiles) character file.

4881 nikopol the Fighter (level 10, -13/92 HPs)
             Began as a Minotaur Berserker on June 26, 2016.
             Was a High Priest of Trog.
             Mangled by a hill giant
             ... wielding a +0 giant club
              (48 damage)
             ... on level 9 of the Dungeon.
             The game lasted 00:20:57 (7655 turns).

nikopol the Fighter (Minotaur Berserker)            Turns: 7655, Time: 00:20:57

Health: -13/92     AC:  9    Str: 21    XL:     10   Next: 26%
Magic:  9/9        EV: 15    Int:  4    God:    Trog [*****.]
Gold:   453        SH:  0    Dex: 14    Spells: 0 memorised, 9 levels left

rFire  . . .     SeeInvis .     x - +1 spear
rCold  . . .     Gourm    .     l - +0 scale mail
rNeg   . . .     Faith    .     (no shield)
rPois  .         Spirit   .     (helmet restricted)
rElec  .         Dismiss  .     a - +0 cloak
rCorr  .         Reflect  .     (no gloves)
SustAt .         Harm     +     (no boots)
MR     .....                    y - amulet of harm
Stlth  ..........               (no ring)
                                A - +3 ring of slaying

@: not resistant to hostile enchantments, extremely unstealthy
A: retaliatory headbutt, horns 2
a: Berserk, Trog's Hand, Brothers in Arms, Burn Spellbooks, Renounce Religion


You were on level 9 of the Dungeon.
You worshipped Trog.
Trog was extremely pleased with you.
You were not hungry.

You visited 1 branch of the dungeon, and saw 9 of its levels.

You collected 453 gold pieces.

Inventory:

Hand Weapons
 c - a +0 shortbow
 n - a +0 trident
 x - a +1 spear (weapon)
 K - a +1 scythe of venom
Missiles
 i - 91 arrows (quivered)
Armour
 a - a +0 cloak (worn)
 b - a +0 animal skin
 h - a +0 leather armour
 l - a +0 scale mail (worn)
Jewellery
 y - an amulet of harm (around neck)
 A - a +3 ring of slaying (left hand)
Wands
 F - a wand of disintegration (11/24)
 M - a wand of digging (10/24)
Scrolls
 d - 3 scrolls of recharging
 k - 7 scrolls of remove curse
 m - 7 scrolls of enchant weapon
 p - 3 scrolls of teleportation
 E - 2 scrolls of fog
 L - a scroll of holy word {unknown}
Potions
 e - a potion of berserk rage
 f - 2 potions of lignification
 j - 4 potions of agility
 q - 5 potions of curing
 s - 2 potions of ambrosia
 t - 2 potions of might
 u - 2 potions of degeneration
 v - a potion of haste
 w - a potion of invisibility
 B - a potion of brilliance
 D - 4 potions of flight
 H - a potion of resistance
 J - a potion of heal wounds {unknown}
Comestibles
 g - 2 fruits
 o - 3 beef jerkies
 r - 5 chunks of flesh
 z - 6 meat rations
 C - a slice of pizza
 Q - 2 bread rations


   Skills:
 + Level 9.7 Fighting
 + Level 9.5 Polearms
 + Level 9.4 Armour
 + Level 8.9 Dodging


You had 9 spell levels left.
You didn't know any spells.

Dungeon Overview and Level Annotations

Branches:
Dungeon (9/15)             Temple (0/1) D:6            Lair (0/8) D:8
    Orc: D:9-12

Altars:
Dithmenos
Fedhas
Gozag
Kikubaaqudgha
Nemelex Xobeh
Okawaru
Pakellas
Qazlal
Ru
Trog
Yredelemnul
The Shining One


Innate Abilities, Weirdness & Mutations

You reflexively headbutt those who attack you in melee.
You have a pair of horns on your head.


Message History

The hill giant is moderately wounded.
The hill giant hits you with a giant club!!
You hit the hill giant.
The hill giant is moderately wounded.
You hit the hill giant. You headbutt the hill giant!
The hill giant is heavily wounded.
The hill giant closely misses you.
You hit the hill giant.
The hill giant is severely wounded.
You hit the hill giant.
The hill giant is severely wounded.
The hill giant hits you with a giant club!!
You hit the hill giant. You headbutt the hill giant!
The hill giant is almost dead.
You hit the hill giant but do no damage.
Your headbutt misses the hill giant.
The hill giant is almost dead.
The hill giant hits you with a giant club!!!
Ouch! That really hurt!
You die...

##########
.........############## #######
............##.........#
......#.#......C@.#..#.........#
......#.#.=.).....##.'.........#
........#/........####.........#
......## .........# #.........#
......# #####.#### #......[..#
###.### #...# #.........# #..##
####.# ######'#### ##..# #....#
#.# #####.## ##..#.# #.#


You could see a hill giant.

Vanquished Creatures
  A hill giant (D:9)
  The ghost of Aquadorian the Ruffian, an amateur VSMo (D:5)
  Sigmund (D:5)
  A wyvern (D:9)
  2 yaks (D:8)
  A hippogriff (D:7)
  2 hungry ghosts
  Edmund (D:5)
  2 orc warriors
  A sky beast (D:4)
  2 black bears
  2 necrophages
  4 ogres
  2 phantoms
  A centaur (D:9)
  4 giant frogs
  A wyvern zombie (D:8)
  A scorpion (D:6)
  2 vampire bats (D:3)
  3 howler monkeys
  A jelly (D:8)
  5 crimson imps
  2 giant frog zombies
  5 orc priests
  3 hounds
  Crazy Yiuf (D:3)
  3 giant frog skeletons
  Jessica (D:3)
  Natasha (thrice) (D:3)
  5 orc wizards
  5 worker ants
  A worker ant zombie (D:5)
  16 adders
  4 river rats
  2 shadow imps
  3 oozes
  3 adder skeletons
  A worm (D:3)
  3 dart slugs
  7 giant geckos
  31 orcs
  5 bat skeletons (D:3)
  5 giant cockroaches
  6 goblins
  12 hobgoblins
  7 jackals
  5 quokkas
  2 ball pythons
  14 bats
  3 giant newts
  2 jackal skeletons
  10 kobolds
  A quokka zombie (D:5)
  12 rats
  A bush (D:5)
  2 fungi (D:8)
227 creatures vanquished.

Vanquished Creatures (others)
  A human (D:3)
  A fungus (D:8)
2 creatures vanquished.

Grand Total: 229 creatures vanquished

Notes
Turn   | Place    | Note
--------------------------------------------------------------
     0 | D:1      | nikopol the Minotaur Berserker began the quest for the Orb.
     0 | D:1      | Reached XP level 1. HP: 19/19 MP: 0/0
   200 | D:1      | Reached XP level 2. HP: 27/27 MP: 1/1
   306 | D:1      | Reached ** piety under Trog
   529 | D:2      | Reached XP level 3. HP: 29/33 MP: 2/2
   964 | D:2      | Reached XP level 4. HP: 36/41 MP: 3/3
  1401 | D:3      | Noticed Natasha
  1414 | D:3      | Killed Natasha
  1419 | D:3      | Reached XP level 5. HP: 17/47 MP: 4/4
  1647 | D:3      | Found a shadowy altar of Dithmenos.
  1700 | D:3      | Reached skill level 5 in Fighting
  1739 | D:3      | Reached *** piety under Trog
  1813 | D:3      | Noticed Natasha
  1819 | D:3      | Killed Natasha
  1843 | D:3      | Noticed Natasha
  1850 | D:3      | Killed Natasha
  1884 | D:2      | Reached XP level 6. HP: 51/56 MP: 5/5
  1952 | D:3      | Reached skill level 5 in Polearms
  2162 | D:3      | Noticed Crazy Yiuf
  2168 | D:3      | Killed Crazy Yiuf
  2214 | D:3      | Found an ancient bone altar of Kikubaaqudgha.
  2217 | D:3      | Noticed a human
  2219 | D:3      | Killed a human
  2256 | D:3      | Noticed Jessica
  2265 | D:3      | Killed Jessica
  2510 | D:3      | Found an ancient bone altar of Kikubaaqudgha.
  2680 | D:4      | Reached skill level 5 in Armour
  2680 | D:4      | Reached XP level 7. HP: 16/62 MP: 6/6
  3005 | D:4      | Reached skill level 5 in Dodging
  3014 | D:4      | Reached **** piety under Trog
  3184 | D:4      | Found a basalt altar of Yredelemnul.
  3213 | D:4      | Found a glowing golden altar of the Shining One.
  3601 | D:4      | Noticed an angel
  3619 | D:5      | Entered Level 5 of the Dungeon
  3664 | D:5      | Reached XP level 8. HP: 71/71 MP: 7/7
  3698 | D:5      | Noticed Edmund
  3722 | D:5      | Killed Edmund
  3823 | D:5      | Found a sacrificial altar of Ru.
  3823 | D:5      | Found an iron altar of Okawaru.
  3823 | D:5      | Found an oddly glowing altar of Pakellas.
  3932 | D:5      | Noticed Sigmund
  3939 | D:5      | Killed Sigmund
  3954 | D:5      | Noticed Aquadorian's ghost (amateur VSMo)
  3972 | D:5      | Killed Aquadorian's ghost
  4014 | D:5      | Found a bloodstained altar of Trog.
  4192 | D:5      | Found a glowing drain.
  4365 | D:5      | Found a glowing golden altar of the Shining One.
  4813 | D:6      | Reached XP level 9. HP: 81/81 MP: 8/8
  4829 | D:6      | Found a staircase to the Ecumenical Temple.
  5313 | D:7      | Reached ***** piety under Trog
  5735 | D:7      | Found a sparkling altar of Nemelex Xobeh.
  5837 | D:7      | Found an opulent altar of Gozag.
  5861 | D:7      | Received a gift from Trog
  6181 | D:8      | Found a stormy altar of Qazlal.
  6184 | D:8      | Found a blossoming altar of Fedhas.
  6761 | D:8      | Reached XP level 10. HP: 91/91 MP: 9/9
  7123 | D:8      | Found a staircase to the Lair.
  7294 | D:9      | Noticed a hill giant
  7301 | D:9      | Killed a hill giant
  7644 | D:9      | Noticed a hill giant
  7655 | D:9      | Mangled by a hill giant

Skill      XL: |  1  2  3  4  5  6  7  8  9 |
---------------+----------------------------+-----
Fighting       | 4 5 6 7 9 |  9.7
Dodging        | 3 4 5 6 8 |  8.9
Polearms       | 4 5 6 7 9 |  9.5
Armour         | 3 4 5 6 7 9 |  9.4

Action                   |  1- 3 |  4- 6 |  7- 9 | 10-12 || total
-------------------------+-------+-------+-------+-------++-------
Melee: Spear             |    93 |   177 |   513 |    59 ||   842
       Headbutt          |    13 |    22 |   115 |    15 ||   165
Invok: Berserk           |       |     2 |     2 |       ||     4
  Use: Scroll            |       |       |    17 |     4 ||    21
  Eat: Chunk             |       |     8 |    15 |     3 ||    26
       Pizza             |       |       |     1 |       ||     1
Armor: Animal skin       |     1 |       |       |       ||     1
       Scale mail        |    15 |    36 |    81 |     3 ||   135
       Leather armour    |     4 |       |       |       ||     4
Dodge: Dodged            |    36 |    72 |   155 |    15 ||   278
